 Dungeon Crawl Stone Soup version 0.26-a0-501-g57170428f2 (webtiles) character file.

Game seed: 16617168412976288811

12003 KristoblXynda the Carver (level 11, -6/88 HPs)
             Began as a Yellow Draconian Gladiator on Aug 7, 2020.
             Was a Priest of Ashenzari.
             Mangled by a wolf spider simulacrum (20 damage)
             ... in an ice cave.
             The game lasted 00:18:05 (13243 turns).

KristoblXynda the Carver (DrGl)                    Turns: 13243, Time: 00:18:06

Health: -6/88      AC: 14    Str: 17    XL:     11   Next: 56%
Magic:  11/11      EV: 19    Int: 12    God:    Ashenzari [***...]
Gold:   710        SH:  0    Dex: 18    Spells: 10/10 levels left

rFire    + . .     SeeInvis +   w - +3 long sword (curse)
rCold    . . .     Faith    .   (no shield)
rNeg     . . .     Spirit   .   (armour unavailable)
rPois    .         Reflect  .   b - +1 hat
rElec    .         Harm     .   g - +2 cloak
rCorr    +                      (no gloves)
MR       .....                  G - +2 pair of boots {rampage} (curse)
Stlth    ++++......             a - amulet of regeneration
HPRegen  0.64/turn              o - +6 ring of dexterity
MPRegen  0.12/turn              v - ring of protection from fire (curse)

@: no status effects
A: spit acid, unfitting armour, cold-blooded, acid resistance, AC +7
a: Breathe Acid, Curse Item, Scrying, Renounce Religion


You were in an ice cave.
You worshipped Ashenzari.
Ashenzari was most pleased with you.
You visited 2 branches of the dungeon, and saw 13 of its levels.
You also visited: Ice Cave.

You collected 710 gold pieces.

Inventory:

Hand Weapons
 w - a cursed +3 long sword (weapon)
Missiles
 c - 3 throwing nets (quivered)
Armour
 b - a +1 hat (worn)
 g - a +2 cloak (worn)
 k - a scarf of invisibility
 G - a cursed +2 pair of boots of rampaging (worn)
Jewellery
 a - an amulet of regeneration (around neck)
 m - an uncursed ring of fire
 o - a +6 ring of dexterity (left hand)
 v - a cursed ring of protection from fire (right hand)
 y - an uncursed ring of positive energy
 I - an uncursed ring of flight
 M - a +6 ring of intelligence
Wands
 i - a wand of disintegration (12)
 C - a wand of paralysis (1)
 N - a wand of iceblast (8)
Scrolls
 d - 3 scrolls of enchant weapon
 n - 4 scrolls of remove curse
 q - a scroll of amnesia
 t - 3 scrolls of immolation
 x - a scroll of fog
 B - 2 scrolls of enchant armour
Potions
 e - 3 potions of invisibility
 f - 2 potions of magic {unknown}
 h - a potion of brilliance
 j - a potion of stabbing
 l - 5 potions of haste
 s - a potion of resistance {unknown}
 u - a potion of berserk rage {unknown}
 z - 8 potions of curing
 A - 4 potions of heal wounds
 D - a potion of ambrosia {unknown}
 F - a potion of mutation {unknown}
 H - 2 potions of flight
 J - a potion of lignification


   Skills:
 - Level 5.3 Fighting
 + Level 10.8(13.4) Long Blades
 - Level 2.0 Throwing
 + Level 9.1 Dodging
 + Level 8.0 Stealth
 + Level 8.1 Evocations


You had 10 spell levels left.
You didn't know any spells.
Your spell library contained the following spells:

 Spells                   Type           Power        Failure   Level
 Magic Dart               Conj           #...         32%         1
 Blink                    Tloc           N/A          45%         2
 Call Imp                 Summ           #.......     45%         2
 Slow                     Hex            #.......     45%         2
 Conjure Flame            Conj/Fire      #.......     69%         3
 Mephitic Cloud           Conj/Pois/Air  #.......     69%         3


Dungeon Overview and Level Annotations

Branches:
Dungeon (12/15)            Temple (1/1) D:5            Lair (0/6) D:8
    Orc (0/2) D:10          IceCv (1/1)

Altars:
Ashenzari
Cheibriados
Dithmenos
Elyvilon
Fedhas
Gozag
Hepliaklqana
Kikubaaqudgha
Makhleb
Nemelex Xobeh
Okawaru
Qazlal
Ru
Sif Muna
Trog
Uskayaw
Vehumet
Wu Jian
Xom
Yredelemnul
Zin
The Shining One

Shops:
D:4 [

Annotations:
D:9 1 runed translucent door, BeastOfSaturn's ghost, novice DsVM
D:10 1 runed translucent door, Ilyq's ghost, novice OpIE


Innate Abilities, Weirdness & Mutations

You can spit globs of acid.
Your golden yellow scales are hard. (AC +7)
You cannot fit into any form of body armour.
You are cold-blooded and may be slowed by cold attacks.
You are resistant to acid. (rCorr)


Message History

You feel yourself slow down.
* * * LOW HITPOINT WARNING * * *
The wolf spider simulacrum misses you.
The polar bear simulacrum completely misses you. x2
The polar bear simulacrum barely misses you.
The polar bear simulacrum misses you.
The polar bear simulacrum barely misses you.
The polar bear simulacrum misses you.
The polar bear simulacrum completely misses you.
You riposte.
You hit the polar bear simulacrum.
The polar bear simulacrum is heavily damaged.
The polar bear simulacrum closely misses you.
The polar bear simulacrum claws you but does no damage.
The wolf spider simulacrum hits you but does no damage.
The wolf spider simulacrum misses you.
You feel yourself speed up. The wolf spider simulacrum hits you!
* * * LOW HITPOINT WARNING * * *
The wolf spider simulacrum freezes you!!
You die...

* ,## ≈
*,.##
##..#*
##...#≈ *
, ##...#
≈ #...# *
≈≈ ,
#ZZ.##≈ ,
##Z°.#*
##@..##*
,
##.....##
,
#...∩...#
* ,
#.......#
≈*
##..∩..##
≈ ##...##
* ##### *
* ≈


You could see 2 polar bear simulacra and a wolf spider simulacrum.

Vanquished Creatures
  A hydra (D:11)
  A two-headed ogre (D:9)
  Pikel (D:4)
  A manticore (D:10)
  A cyclops (D:11)
  Joseph (D:7)
  Psyche (D:8)
  A troll (D:9)
  4 hippogriffs
  A wraith (D:10)
  A wyvern (D:12)
  6 yaks (D:11)
  A water moccasin (D:7)
  The ghost of astraldaughter the Stinger, an amateur OpVM (D:3)
  3 sky beasts
  11 ice beasts
  2 porcupines (D:8)
  4 black bears
  3 orc warriors
  3 phantoms
  A necrophage (D:10)
  3 ogres
  10 centaurs
  A lemure (D:4)
  A big kobold (D:9)
  7 bullfrogs
  A wyvern zombie (D:10)
  A scorpion (D:9)
  6 killer bees (D:7)
  11 wights
  An electric eel (D:8)
  A bullfrog zombie (D:10)
  8 hounds
  A quasit (D:9)
  5 jellies
  An orc priest (D:10)
  4 orc wizards
  2 bullfrog skeletons
  3 centaur skeletons
  4 iguanas
  7 worker ants
  A wolf simulacrum (IceCv)
  A hound zombie (D:5)
  2 hound skeletons (D:4)
  2 worker ant zombies (D:6)
  14 adders
  4 gnolls
  An ufetubus (D:6)
  An adder zombie (D:6)
  3 adder skeletons
  3 worms
  5 dart slugs
  2 leopard geckos
  12 orcs
  8 giant cockroaches
  5 goblins (D:1)
  12 hobgoblins
  19 jackals
  13 kobolds
  3 quokkas
  A ball python (D:3)
  12 bats
  2 frilled lizards
  A kobold skeleton (D:7)
  A leopard gecko skeleton (D:5)
  11 rats
266 creatures vanquished.

Vanquished Creatures (others)
  A withered plant (D:3)
1 creature vanquished.

Grand Total: 267 creatures vanquished

Notes
Turn   | Place    | Note
-------+----------+-------------------------------------------
     0 | D:1      | KristoblXynda the Draconian Gladiator began the quest for
                  | the Orb.
     0 | D:1      | Reached XP level 1. HP: 17/17 MP: 1/1
    83 | D:1      | Reached XP level 2. HP: 21/25 MP: 2/2
   578 | D:1      | Reached XP level 3. HP: 30/30 MP: 3/3
  1199 | D:2      | Reached XP level 4. HP: 28/38 MP: 4/4
  1219 | D:2      | Reached skill level 4 in Long Blades
  1726 | D:2      | Found an ancient bone altar of Kikubaaqudgha.
  1727 | D:2      | Found a snail-covered altar of Cheibriados.
  2049 | D:3      | Found a faded altar of an unknown god.
  2201 | D:3      | Reached XP level 5. HP: 45/45 MP: 5/5
  2430 | D:3      | Found a runed translucent door.
  2432 | D:3      | Noticed astraldaughter's ghost (amateur OpVM)
  2895 | D:3      | Killed astraldaughter's ghost
  2895 | D:3      | Reached skill level 5 in Long Blades
  2895 | D:3      | Reached XP level 6. HP: 52/52 MP: 6/6
  2962 | D:4      | Found a shimmering altar of Xom.
  3192 | D:4      | Found Giakhlae's Armour Boutique.
  3192 | D:4      | Found a radiant altar of Vehumet.
  3345 | D:4      | Noticed Pikel
  3387 | D:4      | Killed Pikel
  3387 | D:4      | Reached skill level 5 in Fighting
  3387 | D:4      | Reached skill level 6 in Long Blades
  3387 | D:4      | Your scales start taking on a golden yellow colour.
  3387 | D:4      | Reached XP level 7. HP: 15/61 MP: 7/7
  3387 | D:4      | Gained mutation: You are resistant to acid. (rCorr) [Yellow
                  | Draconian growth]
  4254 | D:4      | Reached skill level 7 in Long Blades
  4475 | D:5      | Entered Level 5 of the Dungeon
  4484 | D:5      | Found a staircase to the Ecumenical Temple.
  4496 | Temple   | Entered the Ecumenical Temple
  4658 | Temple   | Became a worshipper of Ashenzari the Shackled
  4728 | D:5      | Found an iron altar of Okawaru.
  4803 | D:5      | Reached skill level 5 in Dodging
  4803 | D:5      | Reached skill level 1 in Evocations
  4803 | D:5      | Reached XP level 8. HP: 68/68 MP: 8/8
  5432 | D:6      | Noticed a hippogriff
  5443 | D:6      | Killed a hippogriff
  5443 | D:6      | Reached skill level 1 in Stealth
  5660 | D:6      | Found a bloodstained altar of Trog.
  6004 | D:6      | Reached skill level 8 in Long Blades
  6256 | D:6      | Reached XP level 9. HP: 68/74 MP: 9/9
  6460 | D:6      | Reached * piety under Ashenzari
  6981 | D:7      | Noticed Joseph
  6988 | D:7      | Paralysed by Joseph for 4 turns
  7001 | D:7      | Paralysed by Joseph for 2 turns
  7007 | D:7      | Killed Joseph
  7524 | D:7      | Found a hide-covered altar of Uskayaw.
  8203 | D:7      | Found a runed translucent door.
  8205 | D:7      | Found a basalt altar of Yredelemnul.
  8276 | D:7      | Identified the +5 quarterstaff "Bifaatoa" {venom, Dex+4}
  8288 | D:7      | Reached skill level 5 in Evocations
  8332 | D:7      | Reached skill level 9 in Long Blades
  8347 | D:7      | Reached skill level 5 in Stealth
  8853 | D:8      | Reached XP level 10. HP: 81/81 MP: 10/10
  8994 | D:8      | Found a staircase to the Lair.
  9688 | D:8      | Found a stormy altar of Qazlal.
  9705 | D:8      | Found a glowing golden altar of the Shining One.
  9706 | D:8      | Reached ** piety under Ashenzari
  9917 | D:9      | Noticed Psyche
  9937 | D:8      | Killed Psyche
 10479 | D:9      | Found a runed translucent door.
 10481 | D:9      | Noticed BeastOfSaturn's ghost (novice DsVM)
 10481 | D:9      | Noticed a frost giant
 10681 | D:9      | Noticed a two-headed ogre
 10692 | D:9      | Killed a two-headed ogre
 10811 | D:9      | Reached skill level 10 in Long Blades
 10870 | D:10     | Entered Level 10 of the Dungeon
 11189 | D:10     | Found a staircase to the Orcish Mines.
 11279 | D:10     | Noticed a manticore
 11290 | D:10     | Killed a manticore
 11290 | D:10     | Reached XP level 11. HP: 71/88 MP: 11/11
 11426 | D:10     | Found a runed translucent door.
 11432 | D:10     | Noticed Ilyq's ghost (novice OpIE)
 11438 | D:10     | Noticed a harpy
 11673 | D:10     | Found an opulent altar of Gozag.
 11842 | D:11     | Noticed a five-headed hydra
 11952 | D:11     | Killed a five-headed hydra
 12578 | D:11     | Reached *** piety under Ashenzari
 13117 | D:12     | Found a frozen archway.
 13236 | IceCv    | Entered an ice cave
 13243 | IceCv    | Mangled by a wolf spider simulacrum

Illustrated notes

Levels and vault maps discovered:
D:1:      minmay_arrival_five_plusses, layout_loops_ring
D:2:      layout_loops_ring, gammafunk_temple_overflow_statue
D:3:      layout_loops_ring, chequers_ecumenical_altar_simple_redux,
          gammafunk_ghost_grave, kennysheep_small_spiral
D:4:      layout_loops_corners, vehumet_crystals, kennysheep_mini, serial_shops,
          shop, uniq_pikel
D:5:      layout_loops_cross, okawaru_gym_becter, temple_fountains
D:6:      minmay_spotlight, layout_basic, nicolae_overflow_crystal_walls,
          chequers_serial_rivers_micro_a, minmay_fractal_squares_5
D:7:      layout_basic, eat_drink_and_be_merry_uskayaw, dk_yredelemnul_ordeal,
          uniq_joseph
D:8:      cheibrodos_helix_gallery, layout_basic, grunt_qazlal_clouds,
          kennysheep_little_box, grunt_lair_entry_orc_guard_hut
D:9:      layout_cave_pools, ebering_ghost_inner_flame, uniq_psyche
D:10:     layout_long_grid, orc_0_dummy, ebering_ghost_inner_flame,
          nicolae_gozag_cash_rules_everything_around_me
D:11:     layout_loops_ring, minmay_hedge_maze
D:12:     layout_basic, portal_ice_cave_entry_ice_beasts, serial_shops, shop,
          nicolae_shop_behind_doors, shop, shop, uniq_azrael
Temple:   nicolae_temple_figure_eight
IceCv:    ice_cave_small_necro

Skill      XL: |  1  2  3  4  5  6  7  8  9 10 11 |
---------------+----------------------------------+-----
Throwing       | 2 |  2.0
Dodging        | 3 4 5 6 7 8 9 |  9.1
Fighting       | 3 5 |  5.3
Long Blades    | 4 5 6 7 8 9 10 | 10.8
Evocations     | 1 3 5 7 8 |  8.1
Stealth        | 3 5 7 8 |  8.0

Action                   |  1- 3 |  4- 6 |  7- 9 | 10-12 || total
-------------------------+-------+-------+-------+-------++-------
Melee: Long sword        |   115 |   151 |   294 |   403 ||   963
       Tailslap          |    12 |    15 |    71 |    85 ||   183
Invok: Curse Item        |       |       |       |     1 ||     1
 Abil: Breathe Acid      |       |       |     9 |    13 ||    22
Evoke: Wand              |       |       |     5 |     5 ||    10
  Use: Scroll            |       |     7 |     5 |     9 ||    21
       Potion            |       |     2 |     1 |       ||     3
 Stab: Sleeping          |     2 |     2 |     3 |    18 ||    25
       Paralysed         |       |       |     3 |     4 ||     7
       Distracted        |       |       |       |     2 ||     2
Armor: Skin              |    36 |    80 |   104 |   140 ||   360
Dodge: Dodged            |   119 |   103 |   241 |   349 ||   812
       Rpst.: Long sword |    37 |    25 |    73 |    67 ||   202

Table legend: (Time is in decaauts)
 A = Elapsed time spent in this place.
 B = Non-inter-level travel time spent in this place.
 C = Inter-level travel time spent in this place.
 D = Time resting spent in this place.
 E = Time spent auto-exploring this place.
 F = Levels seen in this place.
 G = Mean time per level.
                   A        B        C        D        E       F      G
               +--------+--------+--------+--------+--------+-----+--------+
         Total |  13220 |  12884 |    336 |   3212 |   7073 |  14 |  944.3 |
       Dungeon |  13008 |  12681 |    327 |   3212 |   6897 |  12 | 1084.0 |
        Temple |    206 |    197 |      9 |      0 |    176 |   1 |  206.0 |
      Ice Cave |      6 |      6 |      0 |      0 |      0 |   1 |    6.0 |
               +--------+--------+--------+--------+--------+-----+--------+

Top non-repeatable levels by time:
     D:7: 1756 daAuts
     D:8: 1671 daAuts
     D:4: 1544 daAuts
     D:6: 1430 daAuts
    D:11: 1304 daAuts
     D:2: 1047 daAuts
     D:1: 1038 daAuts
     D:3: 897 daAuts
    D:10: 870 daAuts
     D:5: 732 daAuts
     D:9: 584 daAuts
  Temple: 206 daAuts
    D:12: 131 daAuts
   IceCv: 6 daAuts
